 Dungeon Crawl Stone Soup version 0.30.1-6-gbe392663c4 (webtiles) character file.

Game seed: 12747002944435016083

289 boopmooplesden the Covered (level 6, -3/54 HPs)
             Began as an Armataur Fighter on Sept 20, 2023.
             Was an Initiate of Okawaru.
             Splashed by a jelly's acid (5 damage)
             ... on level 4 of the Dungeon.
             The game lasted 00:04:07 (2528 turns).

boopmooplesden the Covered (Armataur Fighter)       Turns: 2528, Time: 00:04:08

Health: -3/54      AC: -8    Str: 24    XL:     6   Next: 9%
Magic:  6/6        EV:  7    Int:  8    God:    Okawaru [......]
Gold:   99         SH:  4    Dex:  9    Spells: 5/5 levels left

rFire   . . .        a - +2 war axe
rCold   . . .        c - +0 buckler
rNeg    . . .        b - +0 scale mail
rPois   .            (no helmet)
rElec   .            (no cloak)
rCorr   .            (no gloves)
SInv    .            (no barding)
Will    .....        (no amulet) Stlth
                     (no ring)
HPRegen 0.29/turn    (no ring)
MPRegen 0.10/turn

%: roll
@: corroded
A: large, rugged brown scales 3, deformed body, armoured tail, roll, long
tongue, awkward tongue
a: Renounce Religion


You were on level 4 of the Dungeon.
You worshipped Okawaru.
Okawaru was noncommittal.
You visited 1 branch of the dungeon, and saw 4 of its levels.

You collected 99 gold pieces.

Inventory:

Hand Weapons
 a - a +2 war axe (weapon)
Armour
 b - a +0 scale mail (worn)
 c - a +0 buckler (worn)
Jewellery
 l - an amulet of regeneration
Wands
 h - a wand of flame (18)
Scrolls
 d - 2 scrolls of teleportation
 e - a scroll of torment {unknown}
 k - 2 scrolls of amnesia {unknown}
 m - a scroll of vulnerability {unknown}
 n - 2 scrolls of enchant weapon
 o - 2 scrolls of identify
 p - a scroll of fog
Potions
 f - 3 potions of mutation {unknown}
 g - a potion of berserk rage
 i - 5 potions of curing {unknown}
 j - 2 potions of ambrosia {unknown}
 q - 2 potions of brilliance {unknown}


   Skills:
 + Level 3.3 Fighting
 + Level 3.6 Axes
 + Level 5.2 Armour
 + Level 0.9 Dodging
 + Level 4.0 Shields


You had 5 spell levels left.
You didn't know any spells.
Your spell library contained the following spells:

 Spells                   Type           Power      Damage    Failure   Level
 Magic Dart               Conj           0%         1d3       77%         1
 Slow                     Hex            0%         N/A       77%         1
 Blink                    Tloc           0%         N/A       88%         2
 Searing Ray              Conj           0%         2d4       88%         2
 Confusing Touch          Hex            0%         N/A       98%         3
 Frozen Ramparts          Ice            0%         1d1       98%         3
 Vampiric Draining        Necr           0%         2d6       98%         3
 Fulminant Prism          Conj/Hex       0%         3d5       100%        4
 Ice Form                 Ice/Tmut       0%         N/A       100%        4
 Manifold Assault         Tloc           0%         N/A       100%        4
 Storm Form               Tmut/Air       0%         N/A       100%        7
 Summon Ice Beast         Ice/Summ       Unusable   N/A       N/A         4

Dungeon Overview and Level Annotations

Branches:
Dungeon (4/15)             Temple (0/1) D:4

Altars:
Okawaru


Innate Abilities, Weirdness & Mutations

You are completely covered in rugged brown scales. (AC +3, +7% HP)
Armour fits poorly on your strangely shaped body.
You have a long armoured tail.
You roll when moving toward enemies. (Rampage)
Your long tongue fully drains potion bottles. (2x potion effects)
Your tongue gives you trouble enunciating. (1.5x scroll delay)


Message History

Items here: )) [ †.
Things that are here:
a +0 flail; a gnoll corpse
Found a staircase to the Ecumenical Temple.
A worm comes into view.
Found 4 stones.
You roll towards the worm!
A jelly comes into view.
You hit the worm. You tail-slap the worm!
The worm is severely wounded.
The jelly quivers.
The worm bites you!
You slash the worm!
You kill the worm!
Okawaru accepts your kill.
You completely miss the jelly. The jelly hits you but does no damage.
You block the jelly's attack. The jelly barely misses you.
You hit the jelly. The acid corrodes you!
Your hands burn!
The jelly is moderately wounded.
The jelly hits you.
You are splashed with acid!
The jelly hits you. The acid corrodes you!
You are splashed with acid!
You hit the jelly.
Your hands burn!
The jelly is heavily wounded.
The jelly hits you. The acid corrodes you!
You are splashed with acid.
You hit the jelly but do no damage.
Your hands burn!
* * * LOW HITPOINT WARNING * * *
The jelly is heavily wounded.
The jelly barely misses you.
You hit the jelly.
Your hands burn!
* * * LOW HITPOINT WARNING * * *
The jelly is severely wounded.
The jelly hits you.
* * * LOW HITPOINT WARNING * * *
The acid corrodes you!
You are splashed with acid.
* * * LOW HITPOINT WARNING * * *
The jelly hits you.
* * * LOW HITPOINT WARNING * * *
You are splashed with acid.
You die...

## . ## #. .#### ###..
#.... #....###..#
.......@..#
...#..J.#.####
####.#....### ...
..####..##.....
#........#..........#...
#....#..########.......(
....##.########...#.#..
##..............###.#
..............###...#


You could see a jelly.

Vanquished Creatures
  The ghost of gohan83 the Conjurer, an amateur TeCj of Sif Muna (D:3)
  Jessica (D:3)
  3 gnolls (D:4)
  2 adders (D:2)
  4 worms
  3 dart slugs (D:1)
  12 orcs
  7 bats
  7 endoplasms
  4 giant cockroaches
  5 goblins
  4 hobgoblins
  7 jackals
  2 quokkas (D:1)
  5 ball pythons
  4 frilled lizards
  6 kobolds
  4 rats
81 creatures vanquished.

Notes
Turn   | Place    | Note
-------+----------+-------------------------------------------
     0 | D:1      | boopmooplesden the Armataur Fighter began the quest for the
                  | Orb.
     0 | D:1      | Reached XP level 1. HP: 19/19 MP: 1/1
   132 | D:1      | Reached XP level 2. HP: 25/26 MP: 2/2
   307 | D:1      | Reached skill level 4 in Armour
   717 | D:2      | Found an iron altar of Okawaru.
   722 | D:2      | Reached XP level 3. HP: 29/32 MP: 3/3
   733 | D:2      | Became a worshipper of Warmaster Okawaru
  1578 | D:2      | Reached XP level 4. HP: 40/40 MP: 4/4
  1725 | D:3      | Noticed gohan83's ghost (amateur TeCj)
  1982 | D:3      | Noticed Jessica
  1989 | D:3      | Killed Jessica
  2125 | D:3      | Reached XP level 5. HP: 46/48 MP: 5/5
  2264 | D:3      | Found a runed translucent door.
  2283 | D:3      | Killed gohan83's ghost
  2284 | D:3      | Reached skill level 5 in Armour
  2406 | D:4      | Reached XP level 6. HP: 50/54 MP: 6/6
  2513 | D:4      | Found a staircase to the Ecumenical Temple.
  2528 | D:4      | HP: 2/54 [jelly (1)]
  2528 | D:4      | Splashed by a jelly's acid

Illustrated notes

Levels and vault maps discovered:
D:1:      dpeg_arrival_connections, layout_loops_cross,
          hangedman_abyss_or_decor_lesser_grid
D:2:      layout_basic, basic_altar, grunt_ministairs_11, serial_bayou_crossing
D:3:      corexii_shack_village, layout_rooms, hellmonk_ghost_happy_afterlife,
          uniq_jessica
D:4:      layout_rooms, minmay_temple_entry_slanted, minivault_27

Skill      XL: |  1  2  3  4  5 |
---------------+----------------+-----
Armour         | 4 5 |  5.2
Axes           | 2 3 |  3.6
Fighting       | 3 |  3.3
Shields        | 4 |  4.0
Dodging        | |  0.9

Action                     |  1- 3 |  4- 6 || total
---------------------------+-------+-------++-------
  Melee: War axe           |   111 |   109 ||   220
         Tailslap          |    11 |     9 ||    20
    Use: Scroll            |     7 |       ||     7
         Potion            |       |     1 ||     1
 Armour: Scale mail        |    84 |    57 ||   141
  Dodge: Dodged            |    51 |    28 ||    79
  Block: Buckler           |    23 |    28 ||    51
